 Dungeon Crawl Stone Soup version 0.30-a0-924-g0ad0bf95bc (webtiles) character file.

Game seed: 11605476519418581280

15745 billz999 the Skirmisher (level 12, -10/94 HPs)
             Began as a Gnoll Hunter on Mar 22, 2023.
             Was an Initiate of Gozag.
             Shot with an arrow by a centaur (15 damage)
             ... on level 3 of the Lair of Beasts.
             The game lasted 00:43:43 (15465 turns).

billz999 the Skirmisher (Gnoll Hunter)             Turns: 15465, Time: 00:43:45

Health: -10/94     AC:  5    Str: 19    XL:     12   Next: 30%
Magic:  9/23       EV: 21    Int: 12    God:    Gozag
Gold:   1658       SH:  0    Dex: 15    Spells: 12/25 levels left

rFire   . . .      SeeInvis .    S - +3 dagger
rCold   . . .      Faith    .    (no shield)
rNeg    . . .      Spirit   .    c - +0 leather armour
rPois   .          Reflect  .    u - +0 helmet
rElec   .          Rampage  .    (no cloak)
rCorr   .                        (no gloves)
Will    .....                    (no boots)
Stlth   ++++                     y - amulet of magic regeneration
HPRegen 0.35/turn                o - +6 ring of strength
MPRegen 0.58/turn                N - +5 ring of evasion

@: lethally poisoned (-10 -> -32)
A: fangs 1, strong nose, distributed training
a: Renounce Religion, Potion Petition, Call Merchant, Bribe Branch


You were on level 3 of the Lair of Beasts.
You worshipped Gozag.
Gozag was most pleased with you.
You visited 3 branches of the dungeon, and saw 14 of its levels.

You collected 2466 gold pieces.
You spent 171 gold pieces at shops.
You paid 637 gold pieces to Gozag.

Inventory:

Hand Weapons
 a - a +6 heavy sling
 C - a +0 demon blade
 E - a +2 mace of protection
 I - a +1 short sword of venom
 S - a +3 dagger (weapon)
Missiles
 f - 4 atropa-tipped darts
 q - 14 boomerangs
 L - a throwing net
 M - 9 poisoned darts
Armour
 c - a +0 leather armour (worn)
 u - a +0 helmet (worn)
 F - an orb of energy
 J - a +0 pair of boots
 P - a +2 scale mail of willpower
Magical Staves
 i - a staff of poison
Jewellery
 o - a +6 ring of strength (left hand)
 w - a ring of protection from fire
 y - an amulet of magic regeneration (around neck)
 B - an amulet of regeneration
 N - a +5 ring of evasion (right hand)
 V - an amulet of the acrobat
Wands
 n - a wand of digging (10)
 A - a wand of iceblast (5)
 T - a wand of polymorph (5)
Scrolls
 b - 4 scrolls of immolation
 d - 4 scrolls of vulnerability
 j - a scroll of magic mapping
 k - 4 scrolls of identify
 l - 4 scrolls of enchant armour
 m - 9 scrolls of teleportation
 s - 3 scrolls of poison
 D - 2 scrolls of amnesia
 G - a scroll of enchant weapon {unknown}
 H - a scroll of torment
 R - a scroll of blinking
 U - a scroll of fear {unknown}
Potions
 e - 5 potions of curing
 g - a potion of haste {unknown}
 h - 2 potions of berserk rage {unknown}
 p - 3 potions of might
 r - 4 potions of brilliance
 t - 3 potions of attraction {unknown}
 v - 3 potions of flight {unknown}
 x - 4 potions of heal wounds {unknown}
 z - 2 potions of ambrosia {unknown}
 K - 3 potions of lignification {unknown}
 O - 3 potions of degeneration {unknown}
 Q - 2 potions of mutation {unknown}


   Skills:
 + Level 8.8 Fighting
 + Level 7.4 Short Blades
 + Level 7.4 Long Blades
 + Level 7.4 Axes
 + Level 7.4 Maces & Flails
 + Level 7.4 Polearms
 + Level 7.4 Staves
 + Level 11.3 Ranged Weapons
 + Level 7.4 Throwing
 + Level 7.4 Armour
 + Level 8.8 Dodging
 + Level 7.8 Stealth
 + Level 7.4 Shields
 + Level 7.4 Unarmed Combat
 + Level 7.4 Spellcasting
 + Level 6.1 Conjurations
 + Level 6.1 Hexes
 + Level 6.1 Summonings
 + Level 6.1 Necromancy
 + Level 6.1 Translocations
 + Level 6.1 Transmutations
 + Level 6.1 Fire Magic
 + Level 6.1 Ice Magic
 + Level 6.1 Air Magic
 + Level 6.1 Earth Magic
 + Level 6.1 Poison Magic
 + Level 8.1 Invocations
 + Level 7.4 Evocations


You had 12 spell levels left.
You knew the following spells:

 Your Spells              Type           Power      Damage    Failure   Level
a - Ensorcelled Hibernat  Hex/Ice        38%        N/A       2%          2
b - Mephitic Cloud        Conj/Pois/Air  19%        N/A       4%          3
c - Fulminant Prism       Conj/Hex       9%         3d7       14%         4
d - Cause Fear            Hex            9%         N/A       14%         4

Your spell library contained the following spells:

 Spells                   Type           Power      Damage    Failure   Level
 Magic Dart               Conj           76%        1d6       1%          1
 Call Imp                 Summ           19%        N/A       2%          2
 Lesser Beckoning         Tloc           38%        N/A       2%          2
 Dazzling Flash           Conj/Hex       38%        N/A       4%          3
 Gell's Gravitas          Tloc           19%        N/A       4%          3
 Spider Form              Tmut/Pois      19%        N/A       4%          3
 Teleport Other           Tloc           19%        N/A       4%          3
 Anguish                  Hex/Necr       9%         N/A       14%         4
 Dragon Form              Tmut           9%         N/A       100%        7
 Summon Horrible Things   Summ           9%         N/A       100%        8
 Dragon's Call            Summ           9%         N/A       100%        9


Dungeon Overview and Level Annotations

Branches:
Dungeon (10/15)            Temple (1/1) D:4            Lair (3/5) D:9
 Shoals (0/4) Lair:3          Orc (0/2) D:9
  Snake: Lair:2-3    Spider: Lair:2-3

Altars:
Cheibriados
Dithmenos
Elyvilon
Gozag
Hepliaklqana
Kikubaaqudgha
Qazlal
Sif Muna
Vehumet
The Shining One

Shops:
Lair:1 (

Portals:
Trove: D:10 (give 7 scrolls of fear)

Annotations:
D:8 exclusion: obsidian statue


Innate Abilities, Weirdness & Mutations

You have very sharp teeth.
Your uncanny sense of smell can sniff out nearby items.
Your experience applies equally to all skills.


Message History

The ball explodes into a vile cloud!
The stinking cloud engulfs the centaur but does no damage.
The centaur is heavily wounded.
The stinking cloud engulfs the cane toad but does no damage.
The cane toad is moderately wounded.
The stinking cloud engulfs the centaur but does no damage.
The cane toad stings your fulminant prism.
Your fulminant prism explodes!
The blast of energy engulfs you.
The blast of energy engulfs the cane toad.
The cane toad is heavily wounded.
The centaur is engulfed in noxious fumes.
The centaur shoots an arrow.
The arrow barely misses you.
Your magical contamination has completely faded away.
Casting: Mephitic Cloud (mildly dangerous; 4% risk of failure)
Confirm with . or Enter, or press ? or * to list all spells.
Aiming: Ensorcelled Hibernation (safe; 2% risk of failure)
Press: ? - help, Shift-Dir - straight line, f - cane toad, p - centaur
Aim: a cane toad (noxious fumes, heavily wounded, chance to affect: 51%)
The cane toad resists with significant effort.
The centaur wields a +0 shortbow.
The centaur shoots an arrow.
The arrow hits you.
The centaur is engulfed in noxious fumes.
The centaur shoots an arrow.
The arrow closely misses you.
Casting: Ensorcelled Hibernation (safe; 2% risk of failure)
Confirm with . or Enter, or press ? or * to list all spells.
Aiming: Ensorcelled Hibernation (safe; 2% risk of failure)
Press: ? - help, Shift-Dir - straight line, f/p - cane toad
Aim: a cane toad (heavily wounded, chance to affect: 51%)
The cane toad resists with significant effort.
The centaur shoots an arrow.
The arrow hits you!
* * * LOW HITPOINT WARNING * * *
The cane toad stings you!!
* * * LOW HITPOINT WARNING * * *
You are lethally poisoned!
The cane toad poisons you!
The centaur is engulfed in noxious fumes.
The centaur shoots an arrow.
The arrow hits you!
You die...
Your body crumbles into a pile of gold.

### ### # ### ###P#####.## . #
#.####....#..##.## .## .#
##..##P>#...##.@.## #.##.##
#P..##>P...##..F°○###.....# #
###.##.....#...#.☼c#....c..#..
#..<.......##..###c#..........
..........##...# #cc.c#.......
.##P.......##.## #.##.##.....#
. ##.......#... #..#.#....#...
#..P.#....#.....#..........
#..##.#....###......PP.P...


You could see a cane toad and 4 centaurs.

Vanquished Creatures
  A hydra (Lair:2)
  2 two-headed ogres
  5 elephants (Lair:1)
  A rime drake (Lair:1)
  A kobold demonologist (D:9)
  Maggie (Lair:2)
  3 cane toads
  6 komodo dragons
  A polar bear (Lair:2)
  A troll (D:10)
  22 yaks
  7 wyverns
  2 steam dragons
  A basilisk (Lair:1)
  5 water moccasins
  An ice beast (D:6)
  2 black bears
  An ogre (D:6)
  7 wolves (Lair:1)
  3 centaurs
  2 kobold brigands
  8 bullfrogs
  2 scorpions (D:7)
  4 wights (D:7)
  13 killer bees
  5 howler monkeys
  A jelly (D:5)
  7 orc priests
  2 sleepcaps (D:5)
  An iguana (D:6)
  6 orc wizards
  4 gnolls (D:6)
  5 adders
  2 white imps
  3 ufetubi
  8 worms
  A dart slug (D:1)
  23 orcs
  7 bats
  7 endoplasms
  3 giant cockroaches
  3 goblins
  9 hobgoblins
  13 jackals
  A quokka (D:1)
  9 ball pythons
  2 frilled lizards
  14 kobolds
  6 rats
244 creatures vanquished.

Vanquished Creatures (others)
  7 fulminant prisms
  5 fungi (Lair:1)
  5 plants
17 creatures vanquished.

Grand Total: 261 creatures vanquished

Notes
Turn   | Place    | Note
-------+----------+-------------------------------------------
     0 | D:1      | billz999 the Gnoll Hunter began the quest for the Orb.
     0 | D:1      | Reached XP level 1. HP: 20/20 MP: 1/1
   131 | D:1      | Reached XP level 2. HP: 26/26 MP: 2/2
   524 | D:1      | Reached XP level 3. HP: 31/31 MP: 3/3
   836 | D:1      | Found a faded altar of an unknown god.
   851 | D:1      | Learned a level 2 spell: Ensorcelled Hibernation
   998 | D:2      | Reached skill level 1 in Invocations
  1174 | D:2      | Reached skill level 1 in Short Blades
  1174 | D:2      | Reached skill level 1 in Long Blades
  1174 | D:2      | Reached skill level 1 in Axes
  1174 | D:2      | Reached skill level 1 in Maces & Flails
  1174 | D:2      | Reached skill level 1 in Polearms
  1174 | D:2      | Reached skill level 1 in Staves
  1174 | D:2      | Reached skill level 1 in Throwing
  1174 | D:2      | Reached skill level 1 in Armour
  1174 | D:2      | Reached skill level 1 in Shields
  1174 | D:2      | Reached skill level 1 in Unarmed Combat
  1174 | D:2      | Reached skill level 1 in Spellcasting
  1174 | D:2      | Reached skill level 1 in Evocations
  1495 | D:2      | Reached XP level 4. HP: 38/38 MP: 5/5
  1916 | D:2      | Learned a level 3 spell: Mephitic Cloud
  1953 | D:3      | Reached skill level 1 in Conjurations
  1953 | D:3      | Reached skill level 1 in Hexes
  1953 | D:3      | Reached skill level 1 in Summonings
  1953 | D:3      | Reached skill level 1 in Necromancy
  1953 | D:3      | Reached skill level 1 in Translocations
  1953 | D:3      | Reached skill level 1 in Transmutations
  1953 | D:3      | Reached skill level 1 in Fire Magic
  1953 | D:3      | Reached skill level 1 in Ice Magic
  1953 | D:3      | Reached skill level 1 in Air Magic
  1953 | D:3      | Reached skill level 1 in Earth Magic
  1953 | D:3      | Reached skill level 1 in Poison Magic
  2379 | D:3      | Reached XP level 5. HP: 43/43 MP: 7/7
  2544 | D:4      | Found a staircase to the Ecumenical Temple.
  2568 | Temple   | Entered the Ecumenical Temple
  2575 | Temple   | Became a worshipper of Gozag Ym Sagoz the Greedy
  2812 | D:4      | Noticed a black bear
  2825 | D:4      | Killed a black bear
  2826 | D:4      | Reached XP level 6. HP: 16/50 MP: 8/8
  3329 | D:5      | Entered Level 5 of the Dungeon
  3394 | D:5      | Reached skill level 5 in Fighting
  3394 | D:5      | Reached skill level 5 in Dodging
  3747 | D:5      | Got the Guidebook on Productive Jinxing
  4027 | D:5      | Found a hazy altar of Hepliaklqana.
  4027 | D:5      | Found a glowing golden altar of the Shining One.
  4027 | D:5      | Found a stormy altar of Qazlal.
  4286 | D:6      | Reached XP level 7. HP: 27/56 MP: 10/10
  4868 | D:6      | Reached skill level 9 in Ranged Weapons
  4910 | D:6      | Noticed a steam dragon
  4921 | D:6      | Killed a steam dragon
  5348 | D:6      | Reached XP level 8. HP: 46/63 MP: 5/12
  6678 | D:7      | Noticed a wyvern
  6687 | D:7      | Killed a wyvern
  7025 | D:7      | Reached XP level 9. HP: 69/69 MP: 12/15
  7425 | D:8      | Reached skill level 5 in Stealth
  7664 | D:8      | Reached skill level 5 in Invocations
  8065 | D:8      | Noticed an obsidian statue
  8205 | D:9      | Reached skill level 5 in Short Blades
  8205 | D:9      | Reached skill level 5 in Long Blades
  8205 | D:9      | Reached skill level 5 in Axes
  8205 | D:9      | Reached skill level 5 in Maces & Flails
  8205 | D:9      | Reached skill level 5 in Polearms
  8205 | D:9      | Reached skill level 5 in Staves
  8205 | D:9      | Reached skill level 5 in Throwing
  8205 | D:9      | Reached skill level 5 in Armour
  8205 | D:9      | Reached skill level 5 in Shields
  8205 | D:9      | Reached skill level 5 in Unarmed Combat
  8205 | D:9      | Reached skill level 5 in Spellcasting
  8205 | D:9      | Reached skill level 5 in Evocations
  8205 | D:9      | Reached XP level 10. HP: 51/77 MP: 11/17
  8263 | D:9      | Noticed a two-headed ogre
  8264 | D:9      | Noticed a two-headed ogre
  8268 | D:9      | Noticed a kobold demonologist
  8493 | D:9      | Reached skill level 10 in Ranged Weapons
  8875 | D:9      | Found a staircase to the Lair.
  9004 | D:9      | Killed a two-headed ogre
  9106 | D:9      | Found a staircase to the Orcish Mines.
  9531 | D:9      | Noticed a rust devil
  9531 | D:9      | Killed a kobold demonologist
  9705 | D:10     | Entered Level 10 of the Dungeon
 10351 | D:10     | Noticed a two-headed ogre
 10356 | D:10     | Reached skill level 5 in Conjurations
 10356 | D:10     | Reached skill level 5 in Hexes
 10356 | D:10     | Reached skill level 5 in Summonings
 10356 | D:10     | Reached skill level 5 in Necromancy
 10356 | D:10     | Reached skill level 5 in Translocations
 10356 | D:10     | Reached skill level 5 in Transmutations
 10356 | D:10     | Reached skill level 5 in Fire Magic
 10356 | D:10     | Reached skill level 5 in Ice Magic
 10356 | D:10     | Reached skill level 5 in Air Magic
 10356 | D:10     | Reached skill level 5 in Earth Magic
 10356 | D:10     | Reached skill level 5 in Poison Magic
 10356 | D:10     | Reached XP level 11. HP: 83/85 MP: 10/20
 10369 | D:10     | Killed a two-headed ogre
 10623 | D:10     | Found a portal to a secret trove of treasure.
 10877 | Lair:1   | Entered Level 1 of the Lair of Beasts
 11558 | Lair:1   | Identified the +10 spear of Intimidation {flame, rC++ rCorr
                  | MP-9 Int+3}
 12874 | Lair:1   | Reached skill level 11 in Ranged Weapons
 13229 | Lair:1   | Bought a runed sling for 171 gold pieces
 13905 | Lair:2   | Reached XP level 12. HP: 42/94 MP: 22/22
 14174 | Lair:2   | Noticed Maggie
 14187 | Lair:2   | Killed Maggie
 14192 | Lair:2   | Noticed a six-headed hydra
 14773 | Lair:2   | Learned a level 4 spell: Fulminant Prism
 14995 | Lair:1   | Learned a level 4 spell: Cause Fear
 15133 | Lair:2   | Killed a six-headed hydra
 15447 | Lair:3   | Found a staircase to the Shoals.
 15465 | Lair:3   | Shot with an arrow by a centaur

Illustrated notes

Levels and vault maps discovered:
D:1:      eino_arrival_cavern_a, layout_basic, basic_ecumenical_altar
D:2:      layout_basic, minmay_increasing_density
D:3:      layout_rooms
D:4:      layout_gridville, minmay_temple_entry_waves
D:5:      layout_loops_ring, gammafunk_temple_overflow_claw
D:6:      layout_basic, serial_bayou_crossing
D:7:      layout_loops_ring
D:8:      minmay_statue_hallways, layout_basic
D:9:      layout_big_octagon, erik_lair_dragon, orc_0_dummy
D:10:     layout_loops_ring, nicolae_trove_entry_isolated
Temple:   hellmonk_temple_of_storms
Lair:1:   layout_gridlike, grunt_megastairs_4
Lair:2:   layout_cave_shapes, minivault_25, beast_lair_carwin_6, uniq_maggie
Lair:3:   layout_layer_cave, minmay_shoals_entry_centaurs,
          nicolae_spider_entry_lesser_pyramids, disabler_island,
          grunt_megastairs_3

Skill      XL: |  1  2  3  4  5  6  7  8  9 10 11 12 |
---------------+-------------------------------------+-----
Invocations    | 1 2 3 4 5 6 7 8 |  8.1
Short Blades   | 1 2 3 4 5 6 7 |  7.4
Long Blades    | 1 2 3 4 5 6 7 |  7.4
Axes           | 1 2 3 4 5 6 7 |  7.4
Maces & Flails | 1 2 3 4 5 6 7 |  7.4
Polearms       | 1 2 3 4 5 6 7 |  7.4
Staves         | 1 2 3 4 5 6 7 |  7.4
Throwing       | 1 2 3 4 5 6 7 |  7.4
Armour         | 1 2 3 4 5 6 7 |  7.4
Shields        | 1 2 3 4 5 6 7 |  7.4
Unarmed Combat | 1 2 3 4 5 6 7 |  7.4
Spellcasting   | 1 2 3 4 5 6 7 |  7.4
Evocations     | 1 2 3 4 5 6 7 |  7.4
Conjurations   | 1 2 3 4 5 6 |  6.1
Hexes          | 1 2 3 4 5 6 |  6.1
Summonings     | 1 2 3 4 5 6 |  6.1
Necromancy     | 1 2 3 4 5 6 |  6.1
Translocations | 1 2 3 4 5 6 |  6.1
Transmutations | 1 2 3 4 5 6 |  6.1
Fire Magic     | 1 2 3 4 5 6 |  6.1
Ice Magic      | 1 2 3 4 5 6 |  6.1
Air Magic      | 1 2 3 4 5 6 |  6.1
Earth Magic    | 1 2 3 4 5 6 |  6.1
Poison Magic   | 1 2 3 4 5 6 |  6.1
Stealth        | 3 4 5 6 7 |  7.8
Fighting       | 5 6 7 8 |  8.8
Dodging        | 5 6 7 8 |  8.8
Ranged Weapons | 9 10 11 | 11.3

Action                     |  1- 3 |  4- 6 |  7- 9 | 10-12 || total
---------------------------+-------+-------+-------+-------++-------
  Melee: Short sword       |       |       |   107 |   249 ||   356
         Bite              |       |       |    19 |    51 ||    70
         Punch             |       |       |     4 |    23 ||    27
         Dagger            |       |       |    19 |    42 ||    61
         Demon blade       |       |       |       |    11 ||    11
         Staff             |       |       |       |     1 ||     1
   Fire: Shortbow          |   118 |   164 |   137 |    54 ||   473
         Arbalest          |       |       |       |    47 ||    47
         Sling             |       |       |       |    45 ||    45
  Throw: Dart              |       |     6 |     2 |     3 ||    11
         Boomerang         |       |     3 |     6 |     2 ||    11
   Cast: Ensorcelled Hiber |       |       |    33 |    24 ||    57
         Mephitic Cloud    |       |       |    17 |    68 ||    85
         Fulminant Prism   |       |       |       |     7 ||     7
 Invoke: Call Merchant     |       |       |       |     1 ||     1
  Evoke: Wand              |       |     1 |     2 |     8 ||    11
    Use: Scroll            |       |     7 |     3 |     7 ||    17
         Potion            |       |       |     1 |     3 ||     4
   Stab: Sleeping          |       |       |     9 |    10 ||    19
         Confused          |       |       |     6 |    27 ||    33
         Invisible         |       |       |     1 |     3 ||     4
         Distracted        |       |       |     1 |       ||     1
 Armour: Leather armour    |     6 |    28 |    25 |    53 ||   112
  Dodge: Dodged            |    11 |    70 |   151 |   338 ||   570

Table legend: (Time is in decaauts)
 A = Elapsed time spent in this place.
 B = Non-inter-level travel time spent in this place.
 C = Inter-level travel time spent in this place.
 D = Time resting spent in this place.
 E = Time spent auto-exploring this place.
 F = Levels seen in this place.
 G = Mean time per level.
                   A        B        C        D        E       F      G
               +--------+--------+--------+--------+--------+-----+--------+
         Total |  15390 |  14762 |    628 |   4058 |   8205 |  14 | 1099.3 |
       Dungeon |  10812 |  10277 |    535 |   1928 |   6620 |  10 | 1081.2 |
        Temple |     14 |     14 |      0 |      0 |      0 |   1 |   14.0 |
          Lair |   4562 |   4469 |     93 |   2130 |   1585 |   3 | 1520.7 |
               +--------+--------+--------+--------+--------+-----+--------+

Top non-repeatable levels by time:
  Lair:1: 3094 daAuts
     D:6: 1833 daAuts
     D:9: 1639 daAuts
     D:7: 1464 daAuts
  Lair:2: 1414 daAuts
    D:10: 1079 daAuts
     D:2: 1006 daAuts
     D:1: 959 daAuts
     D:5: 858 daAuts
     D:4: 793 daAuts
     D:8: 600 daAuts
     D:3: 580 daAuts
  Lair:3: 54 daAuts
  Temple: 14 daAuts
